 Dungeon Crawl Stone Soup version 0.24.0-123-gd5b16e6ec5 (webtiles) character file.

Game seed: 1840305807690057273, levelgen mode: deterministic

25 Braveman the Sneak (level 2, -2/27 HPs)
             Began as a Troll Assassin on Feb 13, 2020.
             Slain by a gnoll
             ... wielding a +0 whip
              (4 damage)
             ... on level 3 of the Dungeon.
             The game lasted 00:04:55 (504 turns).

Braveman the Sneak (Troll Assassin)                  Turns: 504, Time: 00:04:55

Health: -2/27      AC:  7    Str: 18    XL:     2   Next: 82%
Magic:  1/1        EV:  9    Int:  7    God:
Gold:   53         SH:  0    Dex: 11    Spells: 1/1 levels left

rFire    . . .     SeeInvis .   a - +2 dagger
rCold    . . .     Gourm    +   (no shield)
rNeg     + . .     Faith    .   b - +0 robe
rPois    .         Spirit   .   (helmet restricted)
rElec    .         Reflect  .   c - +0 cloak
rCorr    .         Harm     .   (gloves unavailable)
MR       .....                  (boots unavailable)
Stlth    ++........             (no amulet)
HPRegen  0.49/turn              n - ring of positive energy
MPRegen  0.07/turn              (no ring)

@: no status effects
A: large, unfitting armour, claws 3, fast metabolism 3, gourmand, regeneration
1, shaggy fur 1, tough skin 3
a: no special abilities


You were on level 3 of the Dungeon.
You were hungry.

You visited 1 branch of the dungeon, and saw 3 of its levels.

You collected 53 gold pieces.

Inventory:

Hand Weapons
 a - a +2 dagger (weapon)
 k - a +0 dagger
 r - a +0 dagger
Missiles
 d - 8 poisoned darts (quivered)
 e - 2 curare-tipped darts
Armour
 b - a +0 robe (worn)
 c - a +0 cloak (worn)
 l - a +0 robe
 o - a +0 scale mail
 p - a +0 ring mail
 q - a +0 robe
Jewellery
 n - a ring of positive energy (left claw)
Scrolls
 i - a scroll of teleportation {unknown}
 j - a scroll of identify {unknown}
 m - a scroll of enchant armour {unknown}
Potions
 g - a potion of brilliance {unknown}
 h - a potion of magic {unknown}
Comestibles
 f - 5 rations


   Skills:
 + Level 1.6 Fighting
 + Level 1.8 Short Blades
 + Level 2.0 Throwing
 + Level 0.8 Dodging
 + Level 2.5 Stealth


You had one spell level left.
You didn't know any spells.
Your spell library was empty.

Dungeon Overview and Level Annotations

Branches:
Dungeon (3/15)

Altars:


Innate Abilities, Weirdness & Mutations

You are too large for most types of armour.
You have claws for hands.
Your metabolism is lightning-fast.
You like to eat raw meat.
Your natural rate of healing is unusually fast.
You are covered in fur. (AC +1)
You have extremely tough skin. (AC +3)


Message History

* * * LOW HITPOINT WARNING * * *
A giant cockroach comes into view.
The gnoll hits you from afar with a +0 spear.
* * * LOW HITPOINT WARNING * * *
Found a stone staircase leading down.
The giant cockroach bites you but does no damage.
The giant cockroach barely misses you.
The giant cockroach completely misses you.
The giant cockroach bites you but does no damage.
There is a stone staircase leading down here.
The gnoll hits you with a +0 whip.
* * * LOW HITPOINT WARNING * * *
The giant cockroach bites you but does no damage.
The gnoll hits you but does no damage.
You climb downwards.
There is a stone staircase leading up here.
You barely miss the gnoll.
The gnoll is moderately wounded.
The giant cockroach barely misses you. The gnoll hits you with a +0 whip.
You die...

#######
.#.#.
... #g#
#@# #s#
#..
+...
##...
....
.....
......


You could see a gnoll and a giant cockroach.

Vanquished Creatures
  An ooze (D:2)
  A ball python (D:2)
  A giant cockroach (D:1)
  2 goblins (D:1)
  2 hobgoblins (D:1)
  4 jackals (D:1)
  2 kobolds
  2 frilled lizards
  2 rats (D:1)
17 creatures vanquished.

Notes
Turn   | Place    | Note
-------+----------+-------------------------------------------
     0 | D:1      | Braveman the Troll Assassin began the quest for the Orb.
     0 | D:1      | Reached XP level 1. HP: 19/19 MP: 0/0
   191 | D:1      | Reached XP level 2. HP: 27/27 MP: 1/1
   502 | D:2      | HP: 1/27 [gnoll/+0 whip (6)]
   504 | D:3      | Slain by a gnoll

Levels and vault maps discovered:
D:1:      evilmike_arrival_plus, layout_rooms
D:2:      layout_rooms
D:3:      cheibrodos_helix_gallery, layout_basic,
          nicolae_overflow_hidden_temple, gammafunk_ghost_smash

Skill      XL: |  1 |
---------------+----+-----
Throwing       | 2 |  2.0
Fighting       | |  1.6
Short Blades   | |  1.8
Dodging        | |  0.8
Stealth        | |  2.5

Action                   || total
-------------------------++-------
Melee: Dagger            ||    64
  Eat: Chunk             ||     1
Armor: Robe              ||    33
Dodge: Dodged            ||    33
